 Dungeon Crawl Stone Soup version 0.31.0-11-ge490571c62 (webtiles) character file.

Game seed: 690455784361699415

76 qw the Shooter (level 4, -6/25 HPs)
             Began as a Deep Elf Hunter on Feb 4, 2024.
             Killed from afar by an orc wizard (10 damage)
             ... with a puff of flame
             ... on level 3 of the Dungeon.
             The game lasted 00:00:05 (1315 turns).

qw the Shooter (Deep Elf Hunter)                    Turns: 1315, Time: 00:00:06

Health: -6/25      AC:  3    Str: 10    XL:     4   Next: 12%
Magic:  6/6        EV: 13    Int: 14    God:
Gold:   108        SH:  0    Dex: 24    Spells: 3/3 levels left

rFire   . . .        a - +0 shortbow
rCold   . . .        (shield currently unavailable)
rNeg    . . .        c - +0 leather armour
rPois   .            (no helmet)
rElec   .            (no cloak)
rCorr   .            (no gloves)
SInv    .            (no boots)
Will    .....        d - amulet of faith
Stlth   +            e - +6 ring of dexterity
HPRegen 0.24/turn    (no ring)
MPRegen 0.10/turn

%: faith
@: confused
A: no striking features
a: no special abilities


You were on level 3 of the Dungeon.
You visited 1 branch of the dungeon, and saw 3 of its levels.

You collected 108 gold pieces.


   Skills:
 - Level 1.5 Fighting
 + Level 7.1 Ranged Weapons
 - Level 3.2 Dodging
 - Level 1.2 Stealth


You had 3 spell levels left.
You didn't know any spells.
Your spell library was empty.

Inventory:

Hand Weapons
 a - a +0 shortbow (weapon)
Armour
 c - a +0 leather armour (worn)
 j - a scarf of repulsion
Jewellery
 d - an amulet of faith (around neck)
 e - a +6 ring of dexterity (left hand)
Scrolls
 f - 3 scrolls of identify
 h - a scroll of fog {unknown}
 i - a scroll of immolation {unknown}
Potions
 b - a potion of heal wounds
 g - a potion of resistance

Dungeon Overview and Level Annotations

Branches:
Dungeon (3/15)

Altars:
Wu Jian


Message History

You kill the orc!
The orc wizard barely misses you.
You shoot an arrow. The arrow hits the orc wizard.
The orc wizard is lightly wounded.
The orc wizard barely misses you.
You shoot an arrow. The arrow barely misses the orc wizard.
The orc wizard hits you with a +0 dagger.
You shoot an arrow. The arrow barely misses the orc wizard.
The orc wizard closely misses you.
You shoot an arrow. The arrow hits the orc wizard!
The orc wizard is severely wounded.
The orc wizard gestures wildly while chanting.
The orc wizard flickers and vanishes!
Deactivating autopickup; reactivate with Ctrl-A.
You shoot an arrow. Something barely misses you.
You shoot an arrow. Something hits you.
You shoot an arrow.
You hear some strange, mumbled words.
You are confused.
Something hits you.
You shoot an arrow. Something hits you but does no damage.
You shoot an arrow. Something hits you.
You shoot an arrow. Something hits you but does no damage.
You shoot an arrow.
You hear some strange, mumbled words.
A puff of flame appears from out of thin air!
The puff of flame hits you!
You shoot an arrow.
You hear some strange, mumbled words.
You are more confused.
You shoot an arrow.
You hear some strange, mumbled words.
A puff of flame appears from out of thin air!
The puff of flame hits you!
You die...

#.........#.##
#...........#
#.........###
#.........#
#.........#
#.........#
#.........#
#.........####
##....#....@)#
.######%####.####{#
...>......##.# ...
#######....#.# .###
#.)..#.# .#
#......# .#
#....########
#....<......
#....######.


There were no monsters in sight!

Vanquished Creatures
  An adder (D:3)
  2 dart slugs
  A ribbon worm (D:2)
  3 orcs (D:3)
  7 bats
  3 endoplasms (D:2)
  4 giant cockroaches
  3 goblins (D:1)
  6 hobgoblins
  3 jackals (D:2)
  7 kobolds
  2 quokkas
  4 ball pythons
  2 frilled lizards
  3 rats
51 creatures vanquished.

Notes
Turn   | Place    | Note
-------+----------+-------------------------------------------
     0 | D:1      | qw the Deep Elf Hunter began the quest for the Orb.
     0 | D:1      | Reached XP level 1. HP: 12/12 MP: 3/3
     0 | D:1      | 0 ||| qw: Version: 0.3-a-160-g6735b56
     0 | D:1      | 0 ||| qw: Game counter: 4931
     0 | D:1      | 0 ||| qw: Melee chars always use a shield: true
     0 | D:1      | 0 ||| qw: God list: Okawaru
     0 | D:1      | 0 ||| qw: Allow faded altars: false
     0 | D:1      | 0 ||| qw: Do Orc after clearing Dungeon:15 true
     0 | D:1      | 0 ||| qw: Do second Lair branch before Depths: true
     0 | D:1      | 0 ||| qw: Lair rune preference: random
     0 | D:1      | 0 ||| qw: Goals: Normal
     0 | D:1      | 0 ||| PLANNING D:1-11
    95 | D:1      | Found a faded altar of an unknown god.
   213 | D:1      | You fall into a shaft and drop 1 floor!
   230 | D:2      | 230 ||| UPGRADING to amulet of faith.
   235 | D:2      | 235 ||| UPGRADING to +6 ring of dexterity.
   236 | D:2      | 236 ||| DROPPING scroll of butterflies.
   241 | D:2      | 241 ||| FLEEEEING.
   273 | D:1      | Reached XP level 2. HP: 16/16 MP: 4/4
   303 | D:1      | Reached skill level 6 in Ranged Weapons
   628 | D:1      | 628 ||| READING scroll labelled AGELAY KULEAJ.
   729 | D:1      | 729 ||| READING scroll labelled DIKLUZ OXZYAQA.
   729 | D:1      | 729 ||| IDENTIFYING scroll labelled ICHOGA JATTA
   730 | D:1      | 730 ||| DROPPING scroll of noise.
   771 | D:2      | Reached XP level 3. HP: 20/20 MP: 5/5
   792 | D:2      | Found an ornate altar of the Wu Jian Council.
   922 | D:2      | Reached skill level 7 in Ranged Weapons
  1099 | D:2      | 1099 ||| READING 3 scrolls of identify.
  1099 | D:2      | 1099 ||| IDENTIFYING black potion
  1100 | D:2      | 1100 ||| READING 2 scrolls of identify.
  1100 | D:2      | 1100 ||| IDENTIFYING viscous ruby potion
  1160 | D:3      | Found an ornate altar of the Wu Jian Council.
  1171 | D:3      | Reached skill level 3 in Dodging
  1180 | D:3      | Reached XP level 4. HP: 25/25 MP: 6/6
  1313 | D:3      | HP: 4/25 [something/puff of flame (7)]
  1315 | D:3      | Killed from afar by an orc wizard

Levels and vault maps discovered:
D:1:      dpeg_arrival_tiny_b, layout_loops_ring,
          hellmonk_ecumenical_altar_heavens_door
D:2:      layout_rooms, basic_altar
D:3:      layout_basic, zin_statuary, mainiacjoe_overflow_cross_hatched,
          uniq_natasha

Skill      XL: |  1  2  3 |
---------------+----------+-----
Ranged Weapons | 6 7 |  7.1
Dodging        | 3 |  3.2
Fighting       | |  1.5
Stealth        | |  1.2

Action                     |  1- 3 |  4- 6 || total
---------------------------+-------+-------++-------
   Fire: Shortbow          |   106 |    33 ||   139
    Use: Scroll            |     4 |       ||     4
 Armour: Leather armour    |     9 |    15 ||    24
  Dodge: Dodged            |    15 |    11 ||    26

Table legend:
 A = Non-vault XP
 B = Vault XP
 C = Vault XP percentage of total XP
 D = Non-vault monster count
 E = Vault monster count
 F = Vault count percentage of total count
                 A         B        C        D         E       F
            +---------+---------+-------+---------+---------+-------
      Total |     109 |       0 |   0.0 |      51 |       0 |   0.0
            +---------+---------+-------+---------+---------+-------
        D:1 |      33 |       0 |   0.0 |      19 |       0 |   0.0
        D:2 |      44 |       0 |   0.0 |      23 |       0 |   0.0
        D:3 |      32 |       0 |   0.0 |       9 |       0 |   0.0
            +---------+---------+-------+---------+---------+-------
